[Event "2nd Bieszczady Chess-ch B 2022"]
[Site "Bystre"]
[Date "2022.07.20"]
[Round "4.1"]
[White "Tokarz, Izabela"]
[Black "Tymrakiewicz, Marianna"]
[Result "1-0"]
[ECO "A80"]
[WhiteElo "1694"]
[BlackElo "1819"]
[Annotator "NA RC COMBH"]
[PlyCount "137"]
[EventDate "2022.07.17"]
[EventCountry "POL"]
[SourceTitle "playchess.com"]
[Source "ChessBase"]
[SourceQuality "1"]
[TimeControl "5400+30"]

1. d4 f5 2. Nc3 Nf6 3. Bg5 e6 4. e4 fxe4 5. Nxe4 Be7 6. Bxf6 Bxf6 7. Qh5+ g6 8. Qh6 Qe7 9. Nxf6+ Qxf6 10. Nf3 Qf8 11. Qd2 Nc6 12. O-O-O Ne7 13. Bc4 d5 14. Bd3 Bd7 15. Qa5 Kd8 16. Rhe1 Qf4+ 17. Kb1 Nc6 18. Qc3 Re8 19. Bb5 a6 20. Bxc6 Bxc6 21. g3 Qf6 22. Ne5 Bd7 23. f4 Qe7 24. Qb3 Kc8 25. Re3 a5 26. a3 Ra6 27. Nd3 Rc6 28. Nc5 Rb6 29. Qc3 Rb5 30. Rde1 Qd6 31. Re5 Qc6 32. Qe3 Rb6 33. Qc1 Rb5 34. R1e2 b6 35. Nxd7 Kxd7 36. Qe3 Qd6 37. f5 gxf5 38. Rxf5 Qe7 39. Re5 c5 40. Qd3 c4 41. Qf3 Qg7 42. Ka2 a4 43. Qh5 Qg6 44. Qh4 Re7 45. c3 Ra5 46. g4 Kd6 47. Qg3 Kd7 48. h4 Ra8 49. Rg5 Qh6 50. Qe1 Kd6 51. Qg3+ Kd7 52. Rh5 Qg6 53. Qe3 Rae8 54. Rg5 Qf6 55. Rf2 Qh8 56. Qf4 Rg8 57. Re5 Rgg7 58. g5 Qg8 59. Qg4 Rgf7 60. Rxd5+ Kc6 61. Rxf7 Qxf7 62. Re5 Qg6 63. Qf3+ Kd6 64. Qa8 Qc2 65. Rb5 Rf7 66. Rxb6+ Ke7 67. Rb7+ Kd6 68. Qd8+ Kc6 69. Rb6# 1-0

[Event "2nd Bieszczady Chess-ch B 2022"]
[Site "Bystre"]
[Date "2022.07.20"]
[Round "4.2"]
[White "Polak, Sylwia"]
[Black "Biesiadecki, Adam"]
[Result "0-1"]
[ECO "D81"]
[WhiteElo "1574"]
[BlackElo "1776"]
[Annotator "NA RC COMBH"]
[PlyCount "82"]
[EventDate "2022.07.17"]
[EventCountry "POL"]
[SourceTitle "playchess.com"]
[Source "ChessBase"]
[SourceQuality "1"]
[TimeControl "5400+30"]

1. d4 Nf6 2. c4 g6 3. Nc3 d5 4. Qb3 c6 5. Nf3 Bg7 6. cxd5 cxd5 7. Bg5 e6 8. h4 h6 9. Bf4 O-O 10. e3 a6 11. Bd3 Nc6 12. O-O-O Ng4 13. h5 g5 14. Bg3 f5 15. Kb1 b5 16. Rc1 Na5 17. Qd1 Nc4 18. Qe2 Bd7 19. Nd2 b4 20. Nd1 Nxd2+ 21. Qxd2 Qe7 22. f3 Nf6 23. Nf2 Rfc8 24. Bc2 a5 25. Nd3 Bb5 26. Nc5 Nd7 27. Ba4 Rxc5 28. dxc5 Bxa4 29. Bd6 Qf6 30. Rhe1 Ne5 31. Bxe5 Qxe5 32. Qd4 Qxd4 33. exd4 Kf7 34. b3 Bb5 35. Rcd1 f4 36. a4 bxa3 37. Ka2 e5 38. dxe5 Ke6 39. Kxa3 Bc6 40. Rd2 Rb8 41. Rb2 Bf8 0-1

[Event "2nd Bieszczady Chess-ch B 2022"]
[Site "Bystre"]
[Date "2022.07.20"]
[Round "4.3"]
[White "Sola, Wojciech"]
[Black "Zajac, Karol"]
[Result "1-0"]
[ECO "D45"]
[WhiteElo "1780"]
[BlackElo "1579"]
[Annotator "NA COMBH"]
[PlyCount "81"]
[EventDate "2022.07.17"]
[EventCountry "POL"]
[SourceTitle "playchess.com"]
[Source "ChessBase"]
[SourceQuality "1"]
[TimeControl "5400+30"]

1. c4 c6 2. Nc3 d5 3. d4 Nf6 4. e3 e6 5. Nf3 Nbd7 6. Qc2 Bd6 7. h3 Qe7 8. Bd3 dxc4 9. Bxc4 e5 10. O-O O-O 11. b3 h6 12. Nh4 Re8 13. Nf5 Qf8 14. Nxd6 Qxd6 15. Ne4 Nxe4 16. Qxe4 b5 17. Bxb5 Bb7 18. Bc4 exd4 19. Qxd4 Qxd4 20. exd4 Rad8 21. Rd1 Nc5 22. Bxh6 Nxb3 23. axb3 gxh6 24. Rxa7 Rd7 25. Rd3 Kf8 26. Re3 Red8 27. Rf3 Re7 28. Rxf7+ Rxf7 29. Bxf7 Kxf7 30. Rxb7+ Kf6 31. Rb6 Rxd4 32. Rxc6+ Kg5 33. Rc5+ Kg6 34. g3 Rd2 35. b4 Rb2 36. b5 Rb4 37. g4 Rb3 38. Kg2 Rb2 39. Kg3 Rb1 40. Rc6+ Kg5 41. h4# 1-0

[Event "2nd Bieszczady Chess-ch B 2022"]
[Site "Bystre"]
[Date "2022.07.20"]
[Round "4.4"]
[White "Mikula, Maciej"]
[Black "Kulig, Pawel"]
[Result "0-1"]
[ECO "A15"]
[WhiteElo "1620"]
[BlackElo "1720"]
[Annotator "NA COMBH"]
[PlyCount "72"]
[EventDate "2022.07.17"]
[EventCountry "POL"]
[SourceTitle "playchess.com"]
[Source "ChessBase"]
[SourceQuality "1"]
[TimeControl "5400+30"]

1. c4 Nf6 2. Nf3 g6 3. Nc3 d5 4. e3 Bg7 5. d4 O-O 6. Be2 c5 7. O-O cxd4 8. Nxd4 dxc4 9. Bxc4 e5 10. Ndb5 Na6 11. b3 Qe7 12. Ba3 Nb4 13. Nd6 a5 14. Ncb5 Bd7 15. Qe2 Bc6 16. Rfd1 Nd7 17. Rac1 Nb6 18. e4 Rad8 19. Qe3 Nxc4 20. bxc4 Qh4 21. Qb3 Qg4 22. Bxb4 axb4 23. f3 Qh4 24. Qxb4 Bh6 25. Rc2 Be3+ 26. Kh1 Bf4 27. g3 Bxg3 28. Rg2 Bf4 29. Rdg1 Qh3 30. Qb3 Rd7 31. a4 Bxb5 32. Nxb5 Rfd8 33. c5 Rd2 34. Rxg6+ hxg6 35. Rxg6+ Kh8 36. Qxf7 Qxh2# 0-1

[Event "2nd Bieszczady Chess-ch B 2022"]
[Site "Bystre"]
[Date "2022.07.20"]
[Round "4.5"]
[White "Giefert, Sara"]
[Black "Labedz, Dawid"]
[Result "0-1"]
[ECO "D00"]
[WhiteElo "1692"]
[BlackElo "1562"]
[Annotator "NA COMBH"]
[PlyCount "110"]
[EventDate "2022.07.17"]
[EventCountry "POL"]
[SourceTitle "playchess.com"]
[Source "ChessBase"]
[SourceQuality "1"]
[TimeControl "5400+30"]

1. d4 d5 2. Bg5 c6 3. c3 Bf5 4. e3 Nd7 5. Bd3 Bxd3 6. Qxd3 f6 7. Bh4 e5 8. f3 Bd6 9. Nd2 Ne7 10. Ne2 Rc8 11. c4 c5 12. cxd5 Nxd5 13. dxe5 Nb4 14. Qe4 Bxe5 15. a3 Nc6 16. Nc4 Qe7 17. Rd1 Bb8 18. Nc3 a6 19. Kf2 b5 20. Rxd7 Qxe4 21. Nxe4 Kxd7 22. Nb6+ Ke7 23. Nxc8+ Rxc8 24. Nxc5 Ne5 25. b4 Ba7 26. Rd1 Bxc5 27. bxc5 Rxc5 28. Bg3 Rc2+ 29. Kf1 Nc4 30. Rd3 Ke6 31. Be1 Rb2 32. e4 a5 33. Rc3 a4 34. Rd3 Rb3 35. Ke2 Rxa3 36. Bb4 Ra2+ 37. Kf1 Rb2 38. Bc5 Rb3 39. Rd8 a3 40. f4 a2 41. f5+ Ke5 42. Re8+ Kf4 43. Bd4 a1=Q+ 44. Bxa1 Rb1+ 45. Kf2 Rxa1 46. g3+ Kg5 47. Re7 Kh6 48. Rb7 Rb1 49. Kf3 b4 50. g4 b3 51. h4 b2 52. g5+ fxg5 53. hxg5+ Kxg5 54. Rxg7+ Kf6 55. Rb7 Rf1+ 0-1

[Event "2nd Bieszczady Chess-ch B 2022"]
[Site "Bystre"]
[Date "2022.07.20"]
[Round "4.6"]
[White "Trela, Konrad"]
[Black "Panczuk, Grzegorz"]
[Result "0-1"]
[ECO "C11"]
[WhiteElo "1523"]
[BlackElo "1684"]
[Annotator "NA COMBH"]
[PlyCount "40"]
[EventDate "2022.07.17"]
[EventCountry "POL"]
[SourceTitle "playchess.com"]
[Source "ChessBase"]
[SourceQuality "1"]
[TimeControl "5400+30"]

1. e4 e6 2. Nf3 d5 3. Nc3 Nf6 4. e5 Nfd7 5. d4 c5 6. dxc5 Bxc5 7. Bd3 Nc6 8. Bf4 h6 9. h4 a6 10. g4 Qc7 11. Qd2 Ndxe5 12. Nxe5 Nxe5 13. Rh3 Bd6 14. Bxe5 Bxe5 15. Rf3 Bd7 16. O-O-O Bc6 17. Ne2 d4 18. Rh3 Bg2 19. Rg3 Bxg3 20. Nxg3 O-O-O 0-1

[Event "2nd Bieszczady Chess-ch B 2022"]
[Site "Bystre"]
[Date "2022.07.20"]
[Round "4.7"]
[White "Sternik, Piotr"]
[Black "Gluch, Pawel"]
[Result "0-1"]
[ECO "D03"]
[WhiteElo "1434"]
[BlackElo "1663"]
[Annotator "NA COMBH"]
[PlyCount "58"]
[EventDate "2022.07.17"]
[EventCountry "POL"]
[SourceTitle "playchess.com"]
[Source "ChessBase"]
[SourceQuality "1"]
[TimeControl "5400+30"]

1. d4 Nf6 2. Bg5 d5 3. Nf3 Bf5 4. e3 h6 5. Bh4 e6 6. Be2 Be7 7. O-O Nbd7 8. c4 c6 9. Nc3 g5 10. Bg3 Nf8 11. cxd5 exd5 12. Nd2 Ne6 13. Be5 Rg8 14. Bxf6 Bxf6 15. b4 Qd6 16. Qb3 Rd8 17. a4 g4 18. f4 Kf8 19. Rac1 Re8 20. b5 Nxd4 21. exd4 Bxd4+ 22. Kh1 Bxc3 23. Rxc3 Rxe2 24. Qd1 Qe6 25. bxc6 bxc6 26. Nb3 Qe4 27. Rg1 g3 28. hxg3 Bh3 29. Qf1 Bxg2+ 0-1

[Event "2nd Bieszczady Chess-ch B 2022"]
[Site "Bystre"]
[Date "2022.07.20"]
[Round "4.8"]
[White "Kotyla, Jan"]
[Black "Warchol, Jacek"]
[Result "1-0"]
[ECO "D00"]
[WhiteElo "1398"]
[BlackElo "1785"]
[Annotator "NA RC COMBH"]
[PlyCount "97"]
[EventDate "2022.07.17"]
[EventCountry "POL"]
[SourceTitle "playchess.com"]
[Source "ChessBase"]
[SourceQuality "1"]
[TimeControl "5400+30"]

1. d4 d5 2. Bf4 Nf6 3. e3 Bf5 4. Nf3 Nh5 5. Bd3 Nxf4 6. exf4 Bc8 7. f5 c6 8. Nbd2 Nd7 9. O-O Qb6 10. Nb3 Nf6 11. Ne5 h5 12. Qe2 Qc7 13. c4 Ng4 14. f4 Nxe5 15. fxe5 e6 16. cxd5 exd5 17. Rae1 Bb4 18. Rc1 Ba5 19. Rf3 Bb6 20. Rg3 Rh7 21. Qe3 Kf8 22. Re1 h4 23. Rh3 Rh8 24. Qf4 Qe7 25. Rhe3 Rh5 26. f6 Qe6 27. fxg7+ Kxg7 28. Rf1 Bd7 29. Kh1 Rf8 30. Be2 Rh6 31. Ref3 Qg6 32. Bd3 Qh5 33. Qe3 Bd8 34. Bf5 Bg5 35. Qf2 Bxf5 36. Rxf5 Qg6 37. Nc5 h3 38. g3 Kg8 39. Nd7 Rd8 40. Nf6+ Bxf6 41. exf6 Re8 42. Qf4 Rh5 43. Rxh5 Qxh5 44. g4 Qh4 45. Qf5 Qh6 46. g5 Qh7 47. g6 Qh4 48. gxf7+ Kxf7 49. Qd7+ 1-0

[Event "2nd Bieszczady Chess-ch B 2022"]
[Site "Bystre"]
[Date "2022.07.20"]
[Round "4.9"]
[White "Sypek, Szymon"]
[Black "Mazurek, Filip"]
[Result "1/2-1/2"]
[ECO "E54"]
[WhiteElo "1726"]
[BlackElo "1310"]
[Annotator "NA COMBH"]
[PlyCount "76"]
[EventDate "2022.07.17"]
[EventCountry "POL"]
[SourceTitle "playchess.com"]
[Source "ChessBase"]
[SourceQuality "1"]
[TimeControl "5400+30"]

1. d4 Nf6 2. c4 e6 3. Nf3 d5 4. Nc3 Bb4 5. e3 O-O 6. Bd3 c5 7. O-O dxc4 8. Bxc4 cxd4 9. exd4 b6 10. a3 Bxc3 11. bxc3 Bb7 12. Ne5 Nbd7 13. Bd3 Nxe5 14. dxe5 Qd5 15. Qf3 Qxf3 16. gxf3 Nd7 17. f4 Rac8 18. Bb2 Nc5 19. Bc2 Rfd8 20. Rad1 Bf3 21. Rd4 g6 22. Re1 Rxd4 23. cxd4 Nb7 24. Bd3 Bd5 25. Rc1 Rxc1+ 26. Bxc1 Na5 27. Bd2 Nc6 28. Bc3 Kf8 29. Kf1 Ke8 30. Ke2 Kd7 31. Ke3 Ne7 32. Bb4 Nf5+ 33. Bxf5 gxf5 34. Kd3 Kc6 35. Kc3 Be4 36. Kc4 Bd5+ 37. Kc3 Be4 38. Bd6 Bf3 1/2-1/2

[Event "2nd Bieszczady Chess-ch B 2022"]
[Site "Bystre"]
[Date "2022.07.20"]
[Round "4.10"]
[White "Idzior, Izabela"]
[Black "Kusiak, Mateusz"]
[Result "1/2-1/2"]
[ECO "B34"]
[WhiteElo "1260"]
[BlackElo "1693"]
[Annotator "NA COMBH"]
[PlyCount "57"]
[EventDate "2022.07.17"]
[EventCountry "POL"]
[SourceTitle "playchess.com"]
[Source "ChessBase"]
[SourceQuality "1"]
[TimeControl "5400+30"]

1. e4 c5 2. Nf3 g6 3. d4 cxd4 4. Nxd4 Nc6 5. Nc3 Bg7 6. Be3 Nf6 7. Be2 O-O 8. Qd2 d5 9. Nxc6 bxc6 10. Rd1 Qc7 11. exd5 cxd5 12. O-O Rd8 13. Nb5 Qb7 14. Qa5 Bd7 15. Nc7 Rab8 16. Ba6 Qxb2 17. Bxa7 Qb4 18. Qxb4 Rxb4 19. Bc5 Ra4 20. Bxe7 Rb8 21. Bxf6 Bxf6 22. Nxd5 Rxa6 23. Nxf6+ Rxf6 24. Rxd7 Ra6 25. Rc7 Rxa2 26. c4 Rc2 27. h3 Rb4 28. g4 Rbxc4 29. Rxc4 1/2-1/2

[Event "2nd Bieszczady Chess-ch B 2022"]
[Site "Bystre"]
[Date "2022.07.21"]
[Round "5.1"]
[White "Biesiadecki, Adam"]
[Black "Tokarz, Izabela"]
[Result "1/2-1/2"]
[ECO "E10"]
[WhiteElo "1776"]
[BlackElo "1694"]
[Annotator "NA RC COMBH"]
[PlyCount "74"]
[EventDate "2022.07.17"]
[EventCountry "POL"]
[SourceTitle "playchess.com"]
[Source "ChessBase"]
[SourceQuality "1"]
[TimeControl "5400+30"]

1. d4 Nf6 2. c4 e6 3. Nf3 d5 4. g3 Nbd7 5. Bg2 Ne4 6. O-O Ndf6 7. Qc2 b6 8. Ne5 c5 9. cxd5 exd5 10. Nc3 Nxc3 11. bxc3 Be7 12. Nc6 Qc7 13. Nxe7 Qxe7 14. c4 Bb7 15. cxd5 Bxd5 16. Qa4+ Qd7 17. Qxd7+ Kxd7 18. Bxd5 Nxd5 19. dxc5 bxc5 20. Rd1 Ke6 21. Bb2 f6 22. Rac1 Rhc8 23. f4 Nb6 24. Rc2 c4 25. e4 Rd8 26. Bd4 f5 27. g4 fxe4 28. f5+ Kf7 29. Kf2 Rd5 30. Ke3 Re8 31. Rb1 h6 32. Bxb6 Rd3+ 33. Ke2 axb6 34. Rxc4 Rh3 35. Rxb6 Rxh2+ 36. Ke3 Rxa2 37. Rb7+ Re7 1/2-1/2

[Event "2nd Bieszczady Chess-ch B 2022"]
[Site "Bystre"]
[Date "2022.07.21"]
[Round "5.2"]
[White "Panczuk, Grzegorz"]
[Black "Sola, Wojciech"]
[Result "0-1"]
[ECO "A45"]
[WhiteElo "1684"]
[BlackElo "1780"]
[Annotator "NA RC COMBH"]
[PlyCount "90"]
[EventDate "2022.07.17"]
[EventCountry "POL"]
[SourceTitle "playchess.com"]
[Source "ChessBase"]
[SourceQuality "1"]
[TimeControl "5400+30"]

1. d4 Nf6 2. Bg5 g6 3. Nc3 Bg7 4. e4 c6 5. Qd2 d6 6. f3 Qc7 7. Bh6 O-O 8. h4 e5 9. h5 Bxh6 10. Qxh6 Be6 11. dxe5 dxe5 12. Nh3 Bxh3 13. hxg6 Nbd7 14. gxf7+ Rxf7 15. Bc4 b5 16. Bxf7+ Kxf7 17. Rxh3 Rg8 18. g4 Qd6 19. Qd2 Qxd2+ 20. Kxd2 Nc5 21. Rd1 Ne6 22. Ne2 Ng5 23. Rhh1 Nxf3+ 24. Kc1 Ke6 25. Rdf1 Ng5 26. Rh6 Rg6 27. Rxg6 hxg6 28. Ng3 Ngxe4 29. Nxe4 Nxe4 30. Rf8 Nf6 31. Rc8 Kd7 32. Rh8 Nxg4 33. Rg8 Ne3 34. Rxg6 a5 35. b3 Nd5 36. Kd2 b4 37. Rg7+ Ne7 38. Kd3 Kd6 39. c4 bxc3 40. Kxc3 e4 41. Rg5 Nd5+ 42. Kd4 e3 43. Rg2 Nf4 44. Rh2 e2 45. Rh6+ Ne6+ 0-1

[Event "2nd Bieszczady Chess-ch B 2022"]
[Site "Bystre"]
[Date "2022.07.21"]
[Round "5.3"]
[White "Kulig, Pawel"]
[Black "Gluch, Pawel"]
[Result "1/2-1/2"]
[ECO "E12"]
[WhiteElo "1720"]
[BlackElo "1663"]
[Annotator "NA RC COMBH"]
[PlyCount "34"]
[EventDate "2022.07.17"]
[EventCountry "POL"]
[SourceTitle "playchess.com"]
[Source "ChessBase"]
[SourceQuality "1"]
[TimeControl "5400+30"]

1. d4 Nf6 2. c4 e6 3. Nf3 b6 4. Bg5 Be7 5. e3 Bb7 6. Bd3 c5 7. O-O O-O 8. Nbd2 d6 9. Qc2 Nbd7 10. Rad1 h6 11. Bxf6 Nxf6 12. dxc5 bxc5 13. Ne4 Qb6 14. b3 Nxe4 15. Bxe4 Bxe4 16. Qxe4 a5 17. Qc2 Rfb8 1/2-1/2

[Event "2nd Bieszczady Chess-ch B 2022"]
[Site "Bystre"]
[Date "2022.07.21"]
[Round "5.4"]
[White "Labedz, Dawid"]
[Black "Polak, Sylwia"]
[Result "1-0"]
[ECO "B42"]
[WhiteElo "1562"]
[BlackElo "1574"]
[Annotator "NA RC COMBH"]
[PlyCount "51"]
[EventDate "2022.07.17"]
[EventCountry "POL"]
[SourceTitle "playchess.com"]
[Source "ChessBase"]
[SourceQuality "1"]
[TimeControl "5400+30"]

1. e4 c5 2. Nf3 e6 3. d4 cxd4 4. Nxd4 a6 5. Bd3 Qc7 6. Be3 Nf6 7. Nd2 d5 8. c3 Nbd7 9. exd5 Nxd5 10. Qe2 Ne5 11. Bc2 Bd6 12. h3 b5 13. Rc1 Bb7 14. O-O Nxe3 15. Qxe3 Nc4 16. Nxc4 bxc4 17. Ba4+ Kf8 18. Rcd1 g6 19. Qxe6 Qe7 20. Qxe7+ Bxe7 21. Rfe1 Bf6 22. Nc6 Rc8 23. Na5 Ba8 24. Rd6 Kg7 25. Rxa6 Rhd8 26. Re2 1-0

[Event "2nd Bieszczady Chess-ch B 2022"]
[Site "Bystre"]
[Date "2022.07.21"]
[Round "5.5"]
[White "Tymrakiewicz, Marianna"]
[Black "Kotyla, Jan"]
[Result "0-1"]
[ECO "B02"]
[WhiteElo "1819"]
[BlackElo "1398"]
[Annotator "NA RC COMBH"]
[PlyCount "182"]
[EventDate "2022.07.17"]
[EventCountry "POL"]
[SourceTitle "playchess.com"]
[Source "ChessBase"]
[SourceQuality "1"]
[TimeControl "5400+30"]

1. e4 Nf6 2. Nc3 d5 3. e5 Nfd7 4. d4 c5 5. Nf3 e6 6. Be3 Nc6 7. Be2 Qb6 8. Na4 Qa5+ 9. c3 cxd4 10. b4 Qc7 11. Bxd4 Ncxe5 12. Nxe5 Nxe5 13. O-O f6 14. Re1 Bd6 15. Bb5+ Kf7 16. h3 Rd8 17. Nc5 a6 18. Ba4 b6 19. Nd3 Ng6 20. Bb3 Kg8 21. Qf3 Kh8 22. Qe3 Rb8 23. Qd2 e5 24. Be3 Bb7 25. Rec1 Qc6 26. Ne1 b5 27. a4 Bc7 28. Qe2 Ba8 29. a5 Qe6 30. Nd3 e4 31. Nc5 Qe5 32. Qg4 f5 33. Qg5 Bd6 34. Bd4 Qh2+ 35. Kf1 Be7 36. Qh6 Ne5 37. Bxe5 Qxe5 38. Qe6 Qxe6 39. Nxe6 Rd6 40. Nd4 g6 41. g3 Bg5 42. Rc2 Rc8 43. h4 Bf6 44. Rd1 Kg7 45. Ke2 Bb7 46. Ke3 Be7 47. Ke2 Kf6 48. Rh1 Rd7 49. Kd2 Ke5 50. Ke2 Rdc7 51. Kd2 Bf8 52. Ne2 Bh6+ 53. Kd1 Bc6 54. Re1 Bd7 55. f4+ Kd6 56. Kd2 Bg7 57. Rec1 Be6 58. Rb2 d4 59. cxd4 Rxc1 60. Nxc1 Bxd4 61. Bxe6 Kxe6 62. Rb3 Kd5 63. Ne2 Bf6 64. Rb1 Rc4 65. Ke3 Be7 66. Rd1+ Kc6 67. Nd4+ Kb7 68. Ne6 Bxb4 69. Rd7+ Kc6 70. Rxh7 Kd6 71. Nf8 Rc3+ 72. Ke2 Rxg3 73. Rh6 Kd5 74. Nxg6 Kd4 75. Ne5 Rg2+ 76. Kf1 Ra2 77. Nc6+ Kc4 78. Nxb4 Kxb4 79. Rxa6 Ka3 80. Rc6 b4 81. a6 b3 82. a7 Kb4 83. Rb6+ Kc3 84. Rc6+ Kd3 85. Rb6 Kc2 86. Rc6+ Kb2 87. Rc7 Ra5 88. h5 Ka2 89. h6 b2 90. Rc2 Rxa7 91. Rh2 Rh7 0-1

[Event "2nd Bieszczady Chess-ch B 2022"]
[Site "Bystre"]
[Date "2022.07.21"]
[Round "5.6"]
[White "Tokarz, Gabriela"]
[Black "Kasianczuk, Krzysztof"]
[Result "1-0"]
[ECO "E81"]
[WhiteElo "1412"]
[BlackElo "1557"]
[Annotator "NA RC COMBH"]
[PlyCount "37"]
[EventDate "2022.07.17"]
[EventCountry "POL"]
[SourceTitle "playchess.com"]
[Source "ChessBase"]
[SourceQuality "1"]
[TimeControl "5400+30"]

1. d4 Nf6 2. c4 g6 3. Nc3 Bg7 4. e4 d6 5. f3 O-O 6. Be3 Nbd7 7. Qd2 Re8 8. O-O-O e5 9. d5 Nc5 10. g4 h5 11. gxh5 Nxh5 12. Nge2 Bd7 13. Ng3 Nf6 14. h4 Kf8 15. h5 Nxh5 16. Nxh5 gxh5 17. Rxh5 Ke7 18. Bxc5 dxc5 19. d6+ 1-0

[Event "2nd Bieszczady Chess-ch B 2022"]
[Site "Bystre"]
[Date "2022.07.21"]
[Round "5.7"]
[White "Kucza, Arkadiusz"]
[Black "Labedz, Gabriela"]
[Result "1-0"]
[ECO "A04"]
[WhiteElo "1500"]
[BlackElo "1346"]
[Annotator "NA RC COMBH"]
[PlyCount "73"]
[EventDate "2022.07.17"]
[EventCountry "POL"]
[SourceTitle "playchess.com"]
[Source "ChessBase"]
[SourceQuality "1"]
[TimeControl "5400+30"]

1. Nf3 c5 2. g3 Nc6 3. Bg2 d5 4. d3 Nf6 5. O-O e5 6. Nbd2 Be7 7. e4 O-O 8. c3 d4 9. c4 a6 10. a3 b5 11. Ne1 Ne8 12. f4 f6 13. f5 Nd6 14. b3 Bb7 15. g4 Qe8 16. h4 Nf7 17. Rf3 h6 18. Rg3 Rb8 19. Ndf3 Qd8 20. Bd2 Na5 21. Rb1 Bc6 22. b4 cxb4 23. axb4 Nb7 24. c5 a5 25. Nc2 Be8 26. Qc1 axb4 27. Nxb4 Nxc5 28. g5 fxg5 29. hxg5 Bxg5 30. Bxg5 hxg5 31. Qxc5 Rc8 32. Qd5 Qb6 33. Nxg5 Rc5 34. Qe6 Qa7 35. Nd5 Kh8 36. Nxf7+ Bxf7 37. Rh3+ 1-0

[Event "2nd Bieszczady Chess-ch B 2022"]
[Site "Bystre"]
[Date "2022.07.21"]
[Round "5.8"]
[White "Stefanski, Adam"]
[Black "Sypek, Szymon"]
[Result "1-0"]
[ECO "A05"]
[WhiteElo "1404"]
[BlackElo "1726"]
[Annotator "NA RC COMBH"]
[PlyCount "65"]
[EventDate "2022.07.17"]
[EventCountry "POL"]
[SourceTitle "playchess.com"]
[Source "ChessBase"]
[SourceQuality "1"]
[TimeControl "5400+30"]

1. Nf3 Nf6 2. c4 g6 3. Nc3 Bg7 4. g3 O-O 5. Bg2 c6 6. O-O d5 7. cxd5 cxd5 8. d3 Nc6 9. Bd2 Bf5 10. Nh4 Be6 11. Qc1 Re8 12. Bh6 Bh8 13. f4 Qb6+ 14. Kh1 Ng4 15. f5 Nf2+ 16. Rxf2 Qxf2 17. Be3 Qxe3 18. Qxe3 d4 19. Qf2 dxc3 20. fxe6 fxe6 21. bxc3 Bxc3 22. Rc1 Rf8 23. Qe3 Bd4 24. Qxe6+ Kg7 25. Bxc6 bxc6 26. Rxc6 Rf1+ 27. Kg2 Rf2+ 28. Kh3 Raf8 29. Nf3 Bf6 30. Rc1 g5 31. Qe3 g4+ 32. Kxg4 h5+ 33. Kh3 1-0

[Event "2nd Bieszczady Chess-ch B 2022"]
[Site "Bystre"]
[Date "2022.07.21"]
[Round "5.9"]
[White "Kusiak, Mateusz"]
[Black "Rzeszuto, Karol"]
[Result "1-0"]
[ECO "C78"]
[WhiteElo "1693"]
[BlackElo "1314"]
[Annotator "NA RC COMBH"]
[PlyCount "55"]
[EventDate "2022.07.17"]
[EventCountry "POL"]
[SourceTitle "playchess.com"]
[Source "ChessBase"]
[SourceQuality "1"]
[TimeControl "5400+30"]

1. e4 e5 2. Nf3 Nc6 3. Bb5 a6 4. Ba4 Nf6 5. O-O b5 6. Bb3 Bc5 7. c3 d6 8. h3 Bb7 9. d4 Bb6 10. Re1 Qe7 11. Qd3 O-O 12. Bg5 Qd7 13. a4 b4 14. d5 Ne7 15. cxb4 Nh5 16. a5 Ba7 17. Ba4 Qd8 18. Nc3 f6 19. Bd2 Ng6 20. Ne2 Qc8 21. Rac1 f5 22. exf5 Qxf5 23. Qxf5 Rxf5 24. Bd7 Rff8 25. Be6+ Kh8 26. Rxc7 Bc8 27. Bxc8 Rfxc8 28. Rec1 1-0

[Event "2nd Bieszczady Chess-ch B 2022"]
[Site "Bystre"]
[Date "2022.07.21"]
[Round "5.10"]
[White "Mazurek, Filip"]
[Black "Giefert, Sara"]
[Result "0-1"]
[ECO "B90"]
[WhiteElo "1310"]
[BlackElo "1692"]
[Annotator "NA RC COMBH"]
[PlyCount "92"]
[EventDate "2022.07.17"]
[EventCountry "POL"]
[SourceTitle "playchess.com"]
[Source "ChessBase"]
[SourceQuality "1"]
[TimeControl "5400+30"]

1. e4 c5 2. Nf3 d6 3. d4 cxd4 4. Nxd4 Nf6 5. Nc3 a6 6. Be3 e5 7. Nb3 Be6 8. f3 Nbd7 9. g4 h6 10. Qd2 Rc8 11. O-O-O b5 12. Kb1 Qc7 13. h4 b4 14. Nd5 Bxd5 15. exd5 a5 16. Bh3 a4 17. Nc1 a3 18. Qe2 axb2 19. Nb3 Be7 20. Rd2 g5 21. Bf1 gxh4 22. Bh3 Rb8 23. Qa6 Nb6 24. Bxb6 Rxb6 25. Qd3 Rb7 26. Re1 Qc3 27. Re3 Qxd3 28. Rexd3 h5 29. Kxb2 e4 30. Re3 exf3 31. gxh5 Rxh5 32. Rxf3 Nxd5 33. Rdf2 Nc3 34. Rf1 Bf8 35. Be6 Rh7 36. Bc4 h3 37. Bd3 Rh6 38. Bf5 h2 39. Rh3 Rxh3 40. Bxh3 Bg7 41. Nd2 Ne4+ 42. Kc1 Bh6 43. Bg2 Nxd2 44. Rh1 Re7 45. Rxh2 Re1+ 46. Kb2 Rb1# 0-1

[Event "2nd Bieszczady Chess-ch B 2022"]
[Site "Bystre"]
[Date "2022.07.21"]
[Round "5.11"]
[White "Strojek, Kazimierz"]
[Black "Idzior, Izabela"]
[Result "1-0"]
[ECO "C18"]
[WhiteElo "1668"]
[BlackElo "1260"]
[Annotator "NA RC COMBH"]
[PlyCount "147"]
[EventDate "2022.07.17"]
[EventCountry "POL"]
[SourceTitle "playchess.com"]
[Source "ChessBase"]
[SourceQuality "1"]
[TimeControl "5400+30"]

1. e4 e6 2. d4 d5 3. Nc3 Bb4 4. e5 c5 5. a3 Bxc3+ 6. bxc3 Ne7 7. Bg5 Nbc6 8. Nf3 Qa5 9. Bd2 Qa4 10. Be3 Nf5 11. Be2 Nxe3 12. fxe3 Ne7 13. O-O b6 14. Ng5 Nf5 15. Qd2 h6 16. Nf3 O-O 17. Bd3 Ba6 18. g4 Ne7 19. g5 Bxd3 20. cxd3 Kh7 21. e4 Qc6 22. Qe3 f5 23. exf6 gxf6 24. gxf6 Rxf6 25. Ne5 Rg8+ 26. Kh1 Rxf1+ 27. Rxf1 Qe8 28. Rf7+ Rg7 29. Rf6 Ng8 30. Rf1 Qh5 31. exd5 exd5 32. Qf3 Qxf3+ 33. Rxf3 cxd4 34. cxd4 Rc7 35. Kg2 a5 36. Rf8 Rb7 37. a4 Ne7 38. Rf7+ Kg8 39. Kf3 b5 40. axb5 a4 41. Rf6 Rxb5 42. Ra6 Rb4 43. Ra8+ Kg7 44. Ra7 Rxd4 45. Ke3 Rh4 46. Nf3 d4+ 47. Ke2 Rg4 48. Rxe7+ Kf6 49. Ra7 Rg2+ 50. Kf1 Ra2 51. Ra6+ Kg7 52. h4 a3 53. h5 Ra1+ 54. Ne1 a2 55. Ke2 Kf7 56. Nc2 Rh1 57. Rxa2 Rxh5 58. Ra4 Ke6 59. Nxd4+ Kf6 60. Nf3 Rf5 61. Ra6+ Kg7 62. d4 Rd5 63. Ke3 h5 64. Ke4 Rd8 65. Nh4 Re8+ 66. Kf4 Rd8 67. Nf5+ Kf7 68. Rh6 Rf8 69. Rxh5 Ke6 70. Rh6+ Kd5 71. Rd6+ Kc4 72. Ke5 Re8+ 73. Re6 Rd8 74. Rc6+ 1-0

[Event "2nd Bieszczady Chess-ch B 2022"]
[Site "Bystre"]
[Date "2022.07.21"]
[Round "6.1"]
[White "Sola, Wojciech"]
[Black "Biesiadecki, Adam"]
[Result "0-1"]
[ECO "A28"]
[WhiteElo "1780"]
[BlackElo "1776"]
[Annotator "NA RC COMBH"]
[PlyCount "76"]
[EventDate "2022.07.17"]
[EventCountry "POL"]
[SourceTitle "playchess.com"]
[Source "ChessBase"]
[SourceQuality "1"]
[TimeControl "5400+30"]

1. c4 Nf6 2. Nc3 e5 3. Nf3 Nc6 4. d4 exd4 5. Nxd4 Bb4 6. Nxc6 bxc6 7. Qc2 O-O 8. Bg5 d5 9. a3 Be7 10. e3 Re8 11. Rd1 Be6 12. Bd3 h6 13. Bh4 Ng4 14. Bg3 Bh4 15. Bh7+ Kh8 16. Bf5 Qf6 17. Bxg4 Bxg4 18. Ne2 Rad8 19. Bxh4 Qxh4 20. cxd5 cxd5 21. O-O c5 22. f3 Bc8 23. Qxc5 Ba6 24. Rd2 d4 25. e4 Re6 26. Rfd1 Rg6 27. Ng3 d3 28. Nf5 Qf4 29. Qe3 Qc7 30. Qf2 Rc6 31. Qg3 Qb6+ 32. Qf2 Qc7 33. g3 Rc1 34. Kg2 Rc8 35. Ne3 Qa5 36. Qe1 Rxd1 37. Qxd1 Qg5 38. Nd5 Qxd2+ 0-1